 Dungeon Crawl Stone Soup version 0.30.1-9-gdf580d7c3d (webtiles) character file.

Game seed: 10008233688022650902

72 tizbic2 the Grave Robber (level 4, -2/31 HPs)
             Began as a Mummy Necromancer on Sept 25, 2023.
             Slain by Crazy Yiuf
             ... wielding a +4 quarterstaff of chaos
              (17 damage)
             ... on level 2 of the Dungeon.
             The game lasted 00:09:17 (1362 turns).

tizbic2 the Grave Robber (Mummy Necromancer)        Turns: 1362, Time: 00:09:17

Health: -2/31      AC:  6    Str: 13    XL:     4   Next: 6%
Magic:  8/8        EV: 10    Int: 14    God:
Gold:   59         SH:  0    Dex: 12    Spells: 5/9 levels left

rFire   x . .        g - +2 dagger (venom)
rCold   + . .        (no shield)
rNeg    + + +        c - +0 ring mail
rPois   ∞            (no helmet)
rElec   .            (no cloak)
rCorr   .            (no gloves)
SInv    .            n - +0 pair of boots
Will    .....        (no amulet)
Stlth   +            (no ring)
HPRegen 0.25/turn    (no ring)
MPRegen 0.11/turn

%: faith
@: no status effects
A: cold resistance 1, negative energy resistance 3, torment resistance 2, heat
vulnerability 1, in touch with death 1, no potions, faith
a: no special abilities


You were on level 2 of the Dungeon.
You visited 1 branch of the dungeon, and saw 2 of its levels.

You collected 59 gold pieces.

Inventory:

Hand Weapons
 f - a +0 club
 g - a +2 dagger of venom (weapon)
 j - a +1 heavy sling
Missiles
 l - 5 poisoned darts
Armour
 c - a +0 ring mail (worn)
 e - a +0 leather armour
 n - a +0 pair of boots (worn)
Wands
 k - a wand of flame (17)
Scrolls
 b - 2 scrolls of immolation
 d - 2 scrolls of summoning {unknown}
 h - a scroll of vulnerability {unknown}
 i - a scroll of brand weapon {unknown}
 m - a scroll of acquirement {unknown}


   Skills:
 + Level 0.7 Fighting
 * Level 1.1 Short Blades
 * Level 0.9 Armour
 - Level 1.9 Dodging
 - Level 2.0 Stealth
 + Level 3.3 Spellcasting
 + Level 4.3 Necromancy


You had 5 spell levels left.
You knew the following spells:

 Your Spells              Type           Power      Damage    Failure   Level
a - Necrotise             Necr           84%        1d8       8%          1
b - Vampiric Draining     Necr           21%        2d7       22%         3

Your spell library contained the following spells:

 Spells                   Type           Power      Damage    Failure   Level
 Animate Dead             Necr           21%        N/A       58%         4
 Agony                    Necr           21%        N/A       91%         5


Dungeon Overview and Level Annotations

Branches:
Dungeon (2/15)

Altars:

Annotations:
D:2 Crazy Yiuf


Innate Abilities, Weirdness & Mutations

You are immune to poison.
Your flesh is cold resistant. (rC+)
You are immune to negative energy. (rN+++)
You are immune to unholy pain and torment.
You are vulnerable to heat. (rF-)
You are in touch with the powers of death.
You do not drink.
You have a special connection with the divine. (Faith)


Message History

You now have 59 gold pieces (gained 10).
You barely miss the hobgoblin. The hobgoblin barely misses you.
You hit the hobgoblin.
The hobgoblin is poisoned.
The hobgoblin is lightly wounded.
Your rat skeleton crumbles into dust!
The hobgoblin closely misses you.
You hit the hobgoblin.
The hobgoblin looks even sicker.
The hobgoblin is almost dead.
You kill the hobgoblin!
You see here a hobgoblin corpse.
A giant cockroach comes into view.
Found a stone staircase leading up.
The giant cockroach bites you but does no damage.
You hit the giant cockroach.
The giant cockroach is poisoned.
The giant cockroach is severely wounded.
You kill the giant cockroach!
This spell is quite dangerous to cast!
Memorise Vampiric Draining, consuming 3 spell levels and leaving 5?
You start memorising the spell.
You continue memorising. x3
You finish memorising.
Spell assigned to 'b'.
Found a scroll of immolation.
b - 2 scrolls of immolation (gained 1)
Found a hammer.
Found a runed translucent door.
Crazy Yiuf whimpers, "Dawk sizzlefizz dark!"
Crazy Yiuf yells, "Flower!
Aardvark bush hog."
You open the door. You closely miss Crazy Yiuf.
Crazy Yiuf zaps a wand.
The puff of flame misses you.
You hit Crazy Yiuf but do no damage.
Crazy Yiuf is poisoned.
Crazy Yiuf hits you with a +4 quarterstaff of chaos!
Crazy Yiuf freezes you.
You hit Crazy Yiuf but do no damage.
Crazy Yiuf looks as sick as possible!
Crazy Yiuf says, "Whippet!"
Crazy Yiuf attacks as you move away! Crazy Yiuf closely misses you.
You barely miss Crazy Yiuf.
Crazy Yiuf is severely wounded.
Crazy Yiuf hits you with a +4 quarterstaff of chaos!
You are electrocuted!
Ouch! That really hurt!
You die...

# #...............###'###........
###.......!.......Z....###.......
..+....################# #.....##
.##....# #####...... .###'###
#.......... .###'#.# ###
♣♣##.......... .......# #)..#♣♣
♣♣..+.......... .......#
#...'.♣♣♣♣......##...... .......#
#...#♣g@♣............... .......#
### ♣♣♣.♣...+.##.###... .###+#.#
♣♣♣♣♣##......#... #....###
#.########+ #.###############
#####..........
#.#.........+...###.....#........
..#+####....##....##.#..#†.†.#>..
#......÷.....÷.......#..#........
#.....###............#..#........


You could see Crazy Yiuf (very poisoned).

Vanquished Creatures
  Jessica (D:2)
  A dart slug (D:2)
  8 bats
  5 endoplasms
  A giant cockroach (D:2)
  6 goblins
  4 hobgoblins
  A quokka (D:2)
  5 ball pythons
  2 frilled lizards
  2 kobolds
  3 rats (D:2)
39 creatures vanquished.

Vanquished Creatures (collateral kills)
  A hobgoblin (D:1)
  2 frilled lizards (D:1)
3 creatures vanquished.

Grand Total: 42 creatures vanquished

Notes
Turn   | Place    | Note
-------+----------+-------------------------------------------
     0 | D:1      | tizbic2 the Mummy Necromancer began the quest for the Orb.
     0 | D:1      | Reached XP level 1. HP: 13/13 MP: 4/4
   181 | D:1      | Reached XP level 2. HP: 14/19 MP: 3/6
   852 | D:2      | Gained mutation: You are in touch with the powers of death.
                  | [Mummy growth]
   852 | D:2      | Reached XP level 3. HP: 20/24 MP: 7/7
   943 | D:2      | Noticed Jessica
   952 | D:2      | Killed Jessica
  1103 | D:2      | Reached skill level 1 in Short Blades
  1245 | D:2      | Reached XP level 4. HP: 31/31 MP: 4/8
  1300 | D:2      | Learned a level 3 spell: Vampiric Draining
  1352 | D:2      | Found a runed translucent door.
  1353 | D:2      | Noticed Crazy Yiuf
  1362 | D:2      | Slain by Crazy Yiuf

Illustrated notes

Levels and vault maps discovered:
D:1:      roderic_crop_circles_arrival_small, layout_loops_ring,
          minmay_tromino_v4_a
D:2:      layout_basic, uniq_jessica, uniq_crazy_yiuf_cottage

Skill      XL: |  1  2  3 |
---------------+----------+-----
Spellcasting   | 3 |  3.3
Stealth        | 2 |  2.0
Short Blades   | 1 |  1.1
Fighting       | |  0.7
Armour         | |  0.9
Dodging        | |  1.9
Necromancy     | |  4.3

Action                     |  1- 3 |  4- 6 || total
---------------------------+-------+-------++-------
  Melee: Unarmed           |    25 |       ||    25
         Dagger            |    41 |     8 ||    49
         Club              |    15 |       ||    15
   Fire: Sling             |    10 |       ||    10
   Cast: Necrotise         |    20 |     2 ||    22
    Use: Scroll            |     2 |       ||     2
   Stab: Sleeping          |     1 |       ||     1
 Armour: Robe              |    16 |       ||    16
         Leather armour    |     8 |       ||     8
         Ring mail         |    19 |     1 ||    20
  Dodge: Dodged            |    68 |     4 ||    72
